 Dungeon Crawl Stone Soup version 0.26-b1-32-g5d43845318 (webtiles) character file.

Game seed: 15988549212595382746

23114 Borgoz the Basher (level 13, -18/111 HPs)
             Began as a Ghoul Gladiator on Jan 13, 2021.
             Was a High Priest of Makhleb.
             Demolished by a reaper
             ... wielding a +6 scythe of venom
              (34 damage)
             ... in a Gauntlet.
             The game lasted 00:21:43 (13129 turns).

Borgoz the Basher (Ghoul Gladiator)                Turns: 13129, Time: 00:21:43

Health: -18/111    AC: 17    Str: 20      XL:     13   Next: 4%
Magic:  21/21      EV: 16    Int:  7      God:    Makhleb [*****.]
Gold:   874        SH:  0    Dex: 14 (15) Spells: 9/12 levels left

rFire    + + .     SeeInvis +   r - +5 great mace "Lipafeja" {vorpal, rF+ MP+9}
rCold    + . .     Faith    .   (shield currently unavailable)
rNeg     + + +     Spirit   .   o - +0 plate armour
rPois    ∞         Reflect  .   d - +0 hat {SInv}
rElec    .         Harm     .   h - scarf {repulsion}
rCorr    .         Rampage  .   u - +0 pair of gloves
Will     .....     NoTele   +   i - +0 pair of boots
Stlth    ..........             (no amulet)
HPRegen  0.00/turn              y - +4 ring of evasion
MPRegen  0.17/turn              g - ring of Wuitih {rF+ Int+4 Dex+2}

@: repel missiles
A: claws 1, cold resistance 1, negative energy resistance 3, inhibited
regeneration, torment resistance, unbreathing
a: Renounce Religion, Minor Destruction, Lesser Servant of Makhleb, Major
Destruction, Greater Servant of Makhleb


You were in a Gauntlet.
You worshipped Makhleb.
Makhleb was extremely pleased with you.
You visited 3 branches of the dungeon, and saw 13 of its levels.
You also visited: Sewer, Bailey and Gauntlet.

You collected 874 gold pieces.

Inventory:

Hand Weapons
 r - the +5 great mace "Lipafeja" (weapon) {vorpal, rF+ MP+9}
   (You acquired it in a bailey)

   It inflicts extra damage upon your enemies.
   It protects you from fire.
   It affects your magic capacity (+9).
Armour
 d - a +0 hat of see invisible (worn)
 h - a scarf of repulsion (worn)
 i - a +0 pair of boots (worn)
 o - a +0 plate armour (worn)
 u - a +0 pair of gloves (worn)
 z - a +1 ring mail of fire resistance
Jewellery
 c - an uncursed ring of ice
 g - the ring of Wuitih (right hand) {rF+ Int+4 Dex+2}
   (You acquired it in a bailey)

   [ring of protection from fire]

   It affects your intelligence (+4).
   It affects your dexterity (+2).
   It protects you from fire.
 l - an uncursed ring of protection from fire
 y - a +4 ring of evasion (left hand)
Wands
 x - a wand of acid (8)
Scrolls
 a - a scroll of identify
 e - 2 scrolls of fear
 j - 4 scrolls of blinking
 k - 7 scrolls of teleportation
 m - 3 scrolls of remove curse
 n - 8 scrolls of fog
 w - a scroll of enchant weapon
Potions
 b - a potion of resistance
 p - 2 potions of cancellation
 s - 8 potions of flight
 t - 4 potions of brilliance
 v - a potion of curing


   Skills:
 + Level 9.3 Fighting
 * Level 10.9 Maces & Flails
 - Level 1.7 Throwing
 * Level 10.5 Armour
 * Level 10.9 Dodging


You had 9 spell levels left.
You knew the following spells:

 Your Spells              Type           Power        Failure   Level
a - Vampiric Draining     Necr           0%           100%        3

Your spell library contained the following spells:

 Spells                   Type           Power        Failure   Level
 Animate Skeleton         Necr           0%           100%        1
 Pain                     Necr           0%           100%        1
 Animate Dead             Necr           0%           100%        4
 Agony                    Necr           0%           100%        5
 Chain Lightning          Conj/Air       0%           100%        8
 Lehudib's Crystal Spear  Conj/Erth      0%           100%        8
 Absolute Zero            Ice            0%           100%        9
 Fire Storm               Conj/Fire      0%           100%        9
 Beastly Appendage        Tmut           Unusable     N/A         1
 Wereblood                Tmut           Unusable     N/A         2
 Spider Form              Tmut/Pois      Unusable     N/A         3
 Ice Form                 Ice/Tmut       Unusable     N/A         4
 Blade Hands              Tmut           Unusable     N/A         5

Dungeon Overview and Level Annotations

Branches:
Dungeon (10/15)            Temple (1/1) D:5            Lair (2/6) D:9
  Sewer (visited)          Bailey (visited)         Gauntlet (1/1)
  Swamp: Lair:2-4    Shoals: Lair:2-4     Snake: Lair:2-4    Spider: Lair:2-4
    Orc: D:9-12

Altars:
Ashenzari
Cheibriados
Dithmenos
Elyvilon
Fedhas
Gozag
Hepliaklqana
Kikubaaqudgha
Makhleb
Nemelex Xobeh
Okawaru
Qazlal
Ru
Sif Muna
Trog
Uskayaw
Vehumet
Wu Jian
Xom
Yredelemnul
Zin
The Shining One

Shops:
D:4 [}   D:8 =

Annotations:
D:10 3 runed translucent doors, hjaiej13's ghost, journeyman MfIE Gauntlet 11 transporters, 5 runed translucent doors


Innate Abilities, Weirdness & Mutations

You thrive by killing the living.
You are immune to poison.
You have sharp fingernails.
Your flesh is cold resistant. (rC+)
You are immune to negative energy. (rN+++)
You do not regenerate when monsters are visible.
You are immune to unholy pain and torment.
You can survive without breathing.


Message History

You hit the reaper.
The reaper is heavily wounded.
You hit the reaper but do no damage.
The reaper is heavily wounded.
The reaper hits you with a +6 scythe of venom!!!
* * * LOW HITPOINT WARNING * * *
You hit the reaper.
The reaper is heavily wounded.
The reaper hits you with a +6 scythe of venom.
* * * LOW HITPOINT WARNING * * *
Okay, then.
You hit the reaper but do no damage.
The reaper is heavily wounded.
The reaper closely misses you.
You thump the reaper!
The reaper is severely wounded.
Your plate armour prevents you from hitting the reaper.
The reaper is severely wounded.
The reaper hits you with a +6 scythe of venom!!
You die...

#############################§.≈#
..#.©.........©.........©.#..§###
..#...........©...........#...≈#
..#########################..###
.........#..[.©)(..#.........≈#
#........#.##...##.#........###
#≈#≈#≈#..#.#.###.#.#..#≈#≈#≈#
#######..#..##.##..#..#######
#≈..#....©.@..#..≈#
#######..#..##.##2.#..#######
#§#≈#≈#..#.#.###4#.#..#≈#≈#§#
#§§......#.##..2##.#........###
.........#.........#......§.§≈#
§.#########################..###
..#...........©...........#...≈#
..#.©.........©.........©.#...###
#############################..≈#


You could see a reaper.

Vanquished Creatures
  Gastronok (D:10)
  An orc warlord (Bailey)
  2 hydras
  Erolcha (D:9)
  A centaur warrior (D:10)
  5 two-headed ogres
  A tengu warrior (D:9)
  Urug (Lair:1)
  2 orc knights (Bailey)
  A deep elf mage (D:10)
  A shining eye (Gauntlet)
  Joseph (Lair:1)
  A black mamba (Lair:1)
  3 cane toads
  Maggie (Lair:1)
  2 komodo dragons (Lair:2)
  A troll (D:9)
  A hornet (D:9)
  Grinder (Sewer)
  25 yaks
  Grum (D:8)
  Menkaure (D:6)
  4 water moccasins
  A floating eye (Gauntlet)
  4 orc warriors
  3 ice beasts
  A black bear (D:10)
  2 phantoms
  2 ogres
  A sky beast (D:8)
  6 wolves
  A centaur (D:8)
  2 big kobolds
  7 bullfrogs
  A water moccasin skeleton (D:10)
  2 scorpions (D:6)
  3 killer bees (D:10)
  5 wights (D:7)
  A bullfrog zombie (D:7)
  8 howler monkeys
  5 hounds
  A centaur zombie (D:5)
  2 quasits (Sewer)
  2 jellies
  A gnoll shaman (D:4)
  2 centaur skeletons
  8 orc priests
  8 orc wizards
  Jessica (D:3)
  An iguana (D:8)
  3 worker ants
  2 killer bee zombies
  4 big kobold zombies (Sewer)
  A hound skeleton (D:4)
  A worker ant zombie (D:10)
  8 gnolls
  11 adders
  6 shadow imps
  2 white imps
  3 ufetubi
  An adder zombie (D:6)
  A worm (D:5)
  2 dart slugs
  6 leopard geckos
  43 orcs
  2 ball pythons
  10 bats
  A bat zombie (Sewer)
  10 giant cockroaches
  9 hobgoblins
  2 jackals (D:3)
  A quokka (D:3)
  4 frilled lizards
  16 goblins
  31 kobolds
  A kobold zombie (Sewer)
  A quokka zombie (D:6)
  5 rats
327 creatures vanquished.

Vanquished Creatures (others)
  A hound zombie (D:8)
  A giant cockroach zombie (Sewer)
  A fungus (Lair:1)
  6 plants
  4 withered plants (Gauntlet)
13 creatures vanquished.

Grand Total: 340 creatures vanquished

Notes
Turn   | Place    | Note
-------+----------+-------------------------------------------
     0 | D:1      | Borgoz the Ghoul Gladiator began the quest for the Orb.
     0 | D:1      | Reached XP level 1. HP: 17/17 MP: 0/0
   207 | D:1      | Reached XP level 2. HP: 24/24 MP: 1/1
   689 | D:1      | Reached skill level 1 in Armour
  1021 | D:1      | Reached XP level 3. HP: 30/30 MP: 2/2
  1188 | D:2      | Found a glowing golden altar of the Shining One.
  1258 | D:2      | Noticed an ogre
  1269 | D:2      | Killed an ogre
  1270 | D:2      | Reached XP level 4. HP: 13/37 MP: 3/3
  1301 | D:2      | Reached XP level 5. HP: 26/44 MP: 4/4
  1710 | D:2      | Found an ornate altar of the Wu Jian Council.
  1896 | D:2      | Found a hazy altar of Hepliaklqana.
  2688 | D:3      | Noticed Jessica
  2697 | D:3      | Killed Jessica
  2701 | D:3      | Reached XP level 6. HP: 51/51 MP: 5/5
  2755 | D:3      | Found a broken altar of Ashenzari.
  2903 | D:4      | Found Ruityeps's Gadget Shoppe.
  3317 | D:4      | Found Senoo's Antique Armour Boutique.
  3668 | D:5      | Entered Level 5 of the Dungeon
  3691 | D:5      | Noticed an ice beast
  3702 | D:5      | Killed an ice beast
  3703 | D:5      | Reached XP level 7. HP: 51/57 MP: 6/6
  3764 | D:5      | Found a glowing drain.
  3778 | Sewer    | Entered a sewer
  3955 | Sewer    | Found a burning altar of Makhleb.
  3988 | Sewer    | Became a worshipper of Makhleb the Destroyer
  3993 | Sewer    | Noticed Grinder
  4006 | Sewer    | Paralysed by Grinder for 7 turns
  4041 | Sewer    | Killed Grinder
  4042 | Sewer    | Reached skill level 5 in Maces & Flails
  4136 | Sewer    | Reached skill level 5 in Dodging
  4136 | Sewer    | Reached XP level 8. HP: 61/66 MP: 7/7
  4358 | D:5      | Found an ancient bone altar of Kikubaaqudgha.
  4518 | D:5      | Found a staircase to the Ecumenical Temple.
  4713 | D:5      | Found a sacrificial altar of Ru.
  4958 | Temple   | Entered the Ecumenical Temple
  5227 | D:6      | Reached * piety under Makhleb
  5577 | D:6      | Noticed Menkaure
  5593 | D:6      | Killed Menkaure
  5594 | D:6      | Reached skill level 5 in Armour
  6052 | D:7      | Reached skill level 5 in Fighting
  6052 | D:7      | Reached XP level 9. HP: 72/74 MP: 8/8
  6134 | D:7      | Reached ** piety under Makhleb
  6413 | D:7      | Learned a level 3 spell: Vampiric Draining
  6835 | D:7      | Got a masterwork leather armour
  6846 | D:7      | Identified the +2 leather armour "Efockocw" {Int+5} (You
                  | found it on level 7 of the Dungeon)
  6974 | D:8      | Noticed a two-headed ogre
  6978 | D:8      | Noticed a two-headed ogre
  6979 | D:8      | Found a glowing golden altar of the Shining One.
  6993 | D:7      | Killed a two-headed ogre
  7203 | D:8      | Killed a two-headed ogre
  7204 | D:8      | Reached XP level 10. HP: 50/83 MP: 9/9
  7483 | D:8      | Noticed a two-headed ogre
  7492 | D:8      | Killed a two-headed ogre
  7576 | D:8      | Reached *** piety under Makhleb
  7612 | D:8      | Noticed Grum
  7630 | D:8      | Killed Grum
  8077 | D:8      | Found a stormy altar of Qazlal.
  8085 | D:8      | Found Mojula's Jewellery Emporium.
  8489 | D:9      | Noticed Erolcha
  8503 | D:9      | Killed Erolcha
  8755 | D:9      | Found a staircase to the Lair.
  8969 | D:9      | Reached XP level 11. HP: 86/92 MP: 10/10
  9045 | D:9      | Found an iron altar of Okawaru.
  9082 | D:9      | Noticed a two-headed ogre
  9094 | D:9      | Killed a two-headed ogre
  9419 | D:10     | Entered Level 10 of the Dungeon
  9421 | D:10     | Found a runed translucent gate.
  9423 | D:10     | Found a runed translucent gate.
  9424 | D:10     | Found a runed translucent gate.
  9425 | D:10     | Found an opulent altar of Gozag.
  9426 | D:10     | Noticed a two-headed ogre
  9426 | D:10     | Noticed hjaiej13's ghost (journeyman MfIE)
  9500 | D:10     | Reached **** piety under Makhleb
  9529 | D:10     | Found a flagged portal.
  9591 | Bailey   | Entered a bailey
  9599 | Bailey   | Noticed an orc warlord
  9645 | Bailey   | Noticed an orc knight
  9694 | Bailey   | Killed an orc knight
  9952 | Bailey   | Found a runed translucent gate.
  9952 | Bailey   | Found a runed translucent gate.
  9952 | Bailey   | Found a runed translucent gate.
  9954 | Bailey   | Noticed an orc knight
  9981 | Bailey   | Killed an orc knight
 10099 | Bailey   | Killed an orc warlord
 10128 | Bailey   | Identified 2 scrolls of acquirement
 10128 | Bailey   | Acquired the +5 great mace "Lipafeja" {vorpal, rF+ MP+9}
 10130 | Bailey   | Acquired the ring of Wuitih {rF+ Int+4 Dex+2}
 10574 | D:10     | Noticed Gastronok
 10592 | D:10     | Killed Gastronok
 10593 | D:10     | Reached XP level 12. HP: 75/102 MP: 11/11
 10698 | D:10     | Noticed a two-headed ogre
 10703 | D:10     | Killed a two-headed ogre
 10703 | D:10     | Noticed a centaur warrior
 10709 | D:10     | Noticed a four-headed hydra
 10712 | D:10     | Noticed a tengu warrior
 10720 | D:10     | Killed a centaur warrior
 10721 | D:10     | Reached skill level 10 in Maces & Flails
 10734 | D:9      | Killed a tengu warrior
 10735 | D:9      | Reached skill level 10 in Dodging
 10741 | D:9      | Killed a four-headed hydra
 11031 | D:10     | Found a large runed translucent door.
 11032 | D:10     | Found a large runed translucent door.
 11173 | D:10     | Found a radiant altar of Vehumet.
 11185 | D:10     | Found a blossoming altar of Fedhas.
 11185 | D:10     | Noticed a tengu reaver
 11461 | Lair:1   | Entered Level 1 of the Lair of Beasts
 11461 | Lair:1   | Noticed Joseph
 11467 | Lair:1   | Killed Joseph
 11683 | Lair:1   | Noticed Urug
 11697 | Lair:1   | Killed Urug
 11904 | Lair:1   | Reached skill level 10 in Armour
 12013 | Lair:1   | Noticed Maggie
 12028 | Lair:1   | Killed Maggie
 12031 | Lair:1   | Reached ***** piety under Makhleb
 12414 | Lair:2   | Noticed an eight-headed hydra
 12422 | Lair:2   | Killed an eight-headed hydra
 12562 | Lair:2   | Found a gate leading to a gauntlet.
 12604 | Lair:2   | Reached XP level 13. HP: 41/111 MP: 12/12
 12609 | Gauntlet | Entered a Gauntlet
 12609 | Gauntlet | Found a transporter.
 12609 | Gauntlet | Found a transporter.
 12609 | Gauntlet | Found a runed translucent gate.
 12609 | Gauntlet | Found a runed translucent door.
 12853 | Gauntlet | Found a runed translucent door.
 12854 | Gauntlet | Found a runed translucent gate.
 12855 | Gauntlet | Found a transporter.
 12855 | Gauntlet | Found a transporter.
 12856 | Gauntlet | Found a runed translucent gate.
 12858 | Gauntlet | Found a transporter.
 12887 | Gauntlet | Noticed a reaper
 12889 | Gauntlet | Found a transporter.
 12891 | Gauntlet | Found a transporter.
 12891 | Gauntlet | Found a transporter.
 12902 | Gauntlet | Found a transporter.
 12918 | Gauntlet | Found a transporter.
 12928 | Gauntlet | Found a transporter.
 12934 | Gauntlet | Found a transporter.
 12973 | Gauntlet | Found a transporter.
 12986 | Gauntlet | Found a transporter.
 13129 | Gauntlet | Demolished by a reaper

Illustrated notes

Levels and vault maps discovered:
D:1:      dpeg_arrival_lava_temple_mockup, layout_basic, chequers_jeans,
          minmay_tripent
D:2:      layout_loops_ring, nzn_hepliaklqana_mist_gate, old_standard_altar,
          marbit_many_paths
D:3:      layout_basic, lemuel_coloured_pillars_altar, uniq_jessica
D:4:      layout_loops_corners, serial_shops, shop_coins, shop
D:5:      layout_basic, kennysheep_little_box, kennysheep_mini_moat,
          temple_pool_b, gup_sewer_entry_pipe
D:6:      layout_loops_ring, uniq_menkaure
D:7:      layout_loops_ring
D:8:      layout_gridville, grunt_qazlal_clouds, serial_shops, shop,
          basic_altar, uniq_grum
D:9:      layout_basic, okawaru_metal_pillars_1_2, dpeg_oklobed_lair,
          minmay_misc_feat_rugged, uniq_erolcha
D:10:     layout_cave_pools, ebering_ghost_gozag, enter_bailey_5, minivault_22,
          minmay_misc_feat_cross, jmf_multi_god_temple2, uniq_gastronok
Temple:   dpeg_chambers_temple
Lair:1:   layout_gridlike, uniq_urug, uniq_joseph, uniq_maggie
Lair:2:   layout_gridlike, gauntlet_entry_generic, uniq_nergalle
Gauntlet: gammafunk_gauntlet_mixed_choke_point
          [minmay_gauntlet_arena_77_cramped,
          minmay_gauntlet_arena_77_run_for_it,
          minmay_gauntlet_arena_77_broken_ladder,
          gammafunk_gauntlet_arena_corners, minmay_gauntlet_arena_77_museum,
          minmay_gauntlet_arena_77_tiled_triplets,
          minmay_gauntlet_arena_77_checkered, gauntlet_exit_watery]

Skill      XL: |  1  2  3  4  5  6  7  8  9 10 11 12 |
---------------+-------------------------------------+-----
Dodging        | 3 4 5 6 7 8 9 10 | 10.9
Maces & Flails | 3 4 5 6 7 8 9 10 | 10.9
Armour         | 1 2 3 4 5 6 7 9 10 | 10.5
Fighting       | 3 4 5 6 7 8 9 |  9.3
Throwing       | |  1.7

Action                   |  1- 3 |  4- 6 |  7- 9 | 10-12 | 13-15 || total
-------------------------+-------+-------+-------+-------+-------++-------
Melee: Flail             |   100 |   194 |   468 |   406 |       ||  1168
       Great mace        |       |       |       |   221 |    17 ||   238
Throw: Throwing net      |     1 |       |     4 |       |       ||     5
Evoke: Wand              |       |       |       |     1 |       ||     1
  Use: Scroll            |       |     8 |     7 |    12 |       ||    27
       Potion            |       |       |     3 |    13 |       ||    16
 Stab: Held in net/web   |     1 |       |     2 |       |       ||     3
       Sleeping          |     1 |       |       |       |       ||     1
       Invisible         |       |       |       |     4 |       ||     4
Armor: Leather armour    |    31 |    28 |       |       |       ||    59
       Plate armour      |       |   112 |   417 |   386 |     2 ||   917
Dodge: Dodged            |   103 |    91 |   201 |   677 |     6 ||  1078
       Repelled          |       |       |     1 |     6 |       ||     7
Block: Buckler           |       |    11 |    75 |    51 |       ||   137
